 Dungeon Crawl Stone Soup version 0.31-a0-858-g469dc525a8 (webtiles) character file.

Game seed: 1437344028203795296

72 IcyTea the Ruffian (level 4, -2/32 HPs)
             Began as a Draconian Shapeshifter on Oct 9, 2023.
             Was a Follower of Hepliaklqana.
             Slain by an orc wizard
             ... wielding a +0 dagger
              (3 damage)
             ... on level 3 of the Dungeon.
             The game lasted 00:07:02 (1667 turns).

IcyTea the Ruffian (Draconian Shapeshifter)         Turns: 1667, Time: 00:07:03

Health: -2/32      AC:  5    Str: 16    XL:     4   Next: 6%
Magic:  4/4        EV: 12    Int: 12    God:    Hepliaklqana [*.....]
Gold:   128        SH:  0    Dex: 11    Spells: 3/3 levels left

rFire   . .          .
                       - Unarmed
rCold   . . .        (no shield)
rNeg    . . .        (body armour unavailable)
rPois   .            (helmet currently unavailable)
rElec   .            (cloak currently unavailable)
rCorr   .            (gloves currently unavailable)
SInv    .            (boots currently unavailable)
Will    .....        (no amulet)
Stlth   +            (no ring)
HPRegen 0.25/turn    (no ring)
MPRegen 0.09/turn

%: no passive effects
@: beast-form
A: beast (slay +1), reduced essence, AC +5, unfitting armour, cold-blooded
a: Begin Untransformation, Renounce Religion, Recall Ancestor, Ancestor Identity


You were on level 3 of the Dungeon.
You worshipped Hepliaklqana.
Hepliaklqana was aware of your devotion.
You were a hulking beast.
You visited 1 branch of the dungeon, and saw 3 of its levels.

You collected 128 gold pieces.

Inventory:

Hand Weapons
 k - a +0 flail
Missiles
 i - 2 atropa-tipped darts
 n - 6 poisoned darts (quivered)
Armour
 h - a scarf of invisibility
Talismans
 b - a beast talisman (active)
 c - a flux talisman
Scrolls
 d - 3 scrolls of identify {unknown}
 e - a scroll of amnesia {unknown}
 f - a scroll of teleportation {unknown}
 g - 2 scrolls of enchant armour {unknown}
 l - a scroll of immolation {unknown}
Potions
 a - a potion of lignification
 j - a potion of invisibility {unknown}
 m - a potion of curing {unknown}
 o - 2 potions of haste {unknown}


   Skills:
 - Level 2.0 Fighting
 - Level 1.7 Dodging
 + Level 4.6 Unarmed Combat
 - Level 3.0 Shapeshifting


You had 3 spell levels left.
You didn't know any spells.
Your spell library was empty.

Dungeon Overview and Level Annotations

Branches:
Dungeon (3/15)

Altars:
Elyvilon
Hepliaklqana


Innate Abilities, Weirdness & Mutations

You are a hulking beast.
Your limbs bulge with bestial killing power. (Slay +1)
Your life essence is reduced to manifest your ancestor. (-10% HP)
Your plain brown scales are hard. (AC +5)
You cannot fit into any form of body armour.
You are cold-blooded and may be slowed by cold attacks.


Message History

The adder is heavily wounded.
The adder barely misses you.
Nenetl hits the adder.
The adder dies!
You have reached level 4!
You feel agile.
Nenetl remembers more of her old skill.
There is a white marble altar of Elyvilon here.
o - 2 sedimented red potions HP restored.
You swap places.
An orc wizard comes into view. It is wielding a +0 dagger.
An orc comes into view. It is wielding a +0 dagger.
The orc shouts!
The orc wizard mumbles some strange words.
The orc wizard flickers and vanishes!
Deactivating autopickup; reactivate with Ctrl-A.
An orc priest comes into view. It is wielding a +0 mace.
You hear a shout!
An orc wizard comes into view. It is wielding a +0 dagger.
Something hits you but does no damage.
You hit something. Something hits you but does no damage.
The orc priest mumbles some strange prayers to Beogh against you.
Beogh smites you!
You barely miss the orc. You hit the orc.
The orc is severely wounded.
The orc hits you with a +0 dagger. Something hits you but does no damage.
You hit the orc.
You kill the orc!
Something hits you.
You closely miss the orc priest. You tail-slap the orc priest.
The orc priest is moderately wounded.
The orc priest hits you with a +0 mace. Something hits you.
You hit the orc priest.
Your tail-slap misses the orc priest.
The orc priest is heavily wounded.
The orc priest invokes the aid of Beogh against you.
Pain shoots through your body!
* * * LOW HITPOINT WARNING * * *
Something hits you.
You die...

#. # #. # #. # #. #
##.### #########
#..o. #.......#
#.{o# #.#####.# #
#h# ###.# #.#
#.#R######...## #.#
#.............## #.#
###....♣♣.♣♣...###.#
#..♣..♣.♣..♣..##.#
##..♣♣.....♣♣..##.#
........_......##..
#....♣♣.....♣♣..####
#....♣..♣.♣..♣R.#


You could see the friendly Nenetl the ancestor, an orc priest and an orc wizard.

Vanquished Creatures
  2 adders (D:2)
  2 worms (D:2)
  2 dart slugs
  An orc (D:3)
  3 ball pythons
  5 bats
  2 endoplasms
  A hobgoblin (D:1)
  A jackal (D:2)
  3 kobolds
  A quokka (D:1)
  A frilled lizard (D:1)
  2 goblins (D:1)
  2 rats (D:1)
28 creatures vanquished.

Vanquished Creatures (collateral kills)
  An adder (D:3)
  A bat (D:2)
  2 hobgoblins (D:3)
  2 jackals (D:2)
6 creatures vanquished.

Grand Total: 34 creatures vanquished

Notes
Turn   | Place    | Note
-------+----------+-------------------------------------------
     0 | D:1      | IcyTea the Draconian Shapeshifter began the quest for the
                  | Orb.
     0 | D:1      | Reached XP level 1. HP: 16/16 MP: 1/1
   232 | D:1      | Reached XP level 2. HP: 24/24 MP: 2/2
   878 | D:2      | Reached XP level 3. HP: 29/29 MP: 3/3
   902 | D:2      | Reached skill level 4 in Unarmed Combat
   934 | D:2      | Identified the +1 robe of Zaliengefy {rN+}
   955 | D:2      | Found a faded altar of an unknown god.
   967 | D:2      | Prayed at the altar of an unknown god.
   967 | D:2      | Became a worshipper of Hepliaklqana the Forgotten
   967 | D:2      | Reached * piety under Hepliaklqana
  1619 | D:3      | Found a white marble altar of Elyvilon.
  1626 | D:3      | Reached XP level 4. HP: 27/32 MP: 4/4
  1667 | D:3      | HP: 1/32 [orc priest/nerve-wracking pain (13)]
  1667 | D:3      | Slain by an orc wizard

Illustrated notes

Levels and vault maps discovered:
D:1:      dpeg_arrival_pits, layout_basic, minmay_pentomino_v2
D:2:      layout_basic, shapermc_ecumenical_altar_starsandcircs,
          kennysheep_cross_room, nicolae_the_louvre
D:3:      layout_loops_ring, nicolae_overflow_hidden_temple,
          mainiacjoe_overflow_small_starburst, grunt_decor_clamped, uniq_jessica

Skill      XL: |  1  2  3 |
---------------+----------+-----
Fighting       | 2 |  2.0
Unarmed Combat | 4 |  4.6
Dodging        | |  1.7
Shapeshifting  | |  3.0

Action                     |  1- 3 |  4- 6 || total
---------------------------+-------+-------++-------
  Melee: Unarmed           |    78 |     6 ||    84
         Tailslap          |     6 |     1 ||     7
         Punch             |     4 |       ||     4
 Invoke: Ancestor Identity |     1 |       ||     1
   Stab: Sleeping          |     1 |       ||     1
 Armour: Skin              |    43 |     8 ||    51
  Dodge: Dodged            |    52 |       ||    52

Table legend: (Time is in decaauts)
 A = Elapsed time spent in this place.
 B = Non-inter-level travel time spent in this place.
 C = Inter-level travel time spent in this place.
 D = Time resting spent in this place.
 E = Time spent auto-exploring this place.
 F = Levels seen in this place.
 G = Mean time per level.
                   A        B        C        D        E       F      G
               +--------+--------+--------+--------+--------+-----+--------+
         Total |   1663 |   1651 |     12 |      7 |   1150 |   3 |  554.3 |
       Dungeon |   1663 |   1651 |     12 |      7 |   1150 |   3 |  554.3 |
               +--------+--------+--------+--------+--------+-----+--------+

Top non-repeatable levels by time:
     D:1: 722 daAuts
     D:2: 526 daAuts
     D:3: 413 daAuts
